 Dungeon Crawl Stone Soup version 0.20-a0-739-g6bb112f (webtiles) character file.

24131 polly the Basher (level 13, -2/82 HPs)
             Began as a Gargoyle Fighter on Feb 25, 2017.
             Was the Champion of Okawaru.
             Killed from afar by Azrael (48 damage)
             ... with damnation
             ... on level 12 of the Dungeon.
             The game lasted 00:21:45 (11630 turns).

polly the Basher (Gargoyle Fighter)                Turns: 11630, Time: 00:21:46

Health: -2/82      AC: 31    Str: 33    XL:     13   Next: 11%
Magic:  13/13      EV: 10    Int: 10    God:    Okawaru [******]
Gold:   275        SH: 19    Dex:  9    Spells: 12/12 levels left

rFire    + . .     SeeInvis .   U - +8 eveningstar (freeze)
rCold    . . .     Gourm    .   B - +1 chain mail "Hyblyed" {MR- Str+4}
rNeg     + + .     Faith    .   c - +0 shield
rPois    ∞         Spirit   .   p - +1 helmet
rElec    +         Reflect  +   M - +2 cloak
rCorr    .         Harm     .   K - +2 pair of gloves of Yjewk {rPois rF+ rN+ Dex-4}
MR       .....                  C - +0 pair of boots of Zirocrif {*Contam +Fly rPois Str+5}
Stlth    ..........             A - +5 amulet of reflection
Regen    0.3/turn               D - +3 ring of slaying
MPRegen  0.2/turn               T - +4 ring of strength

@: no status effects
A: negative energy resistance 1, electricity resistance, unbreathing,
petrification resistance, rot immunity, AC +9
a: Heroism, Finesse, Renounce Religion, Evoke Flight


You were on level 12 of the Dungeon.
You worshipped Okawaru.
Okawaru was exalted by your worship.
You were not hungry.

You visited 3 branches of the dungeon, and saw 15 of its levels.

You collected 825 gold pieces.
You spent 550 gold pieces at shops.

Inventory:

Hand Weapons
 U - a +8 eveningstar of freezing (weapon)
Armour
 c - a +0 shield (worn)
 p - a +1 helmet (worn)
 B - the +1 chain mail "Hyblyed" (worn) {MR- Str+4}
   (Okawaru gifted it to you on level 12 of the Dungeon)

   It affects your strength (+4).
   It affects your resistance to hostile enchantments.
 C - the +0 pair of boots of Zirocrif (worn) {*Contam +Fly rPois Str+5}
   (You found it on level 10 of the Dungeon)

   It affects your strength (+5).
   It protects you from poison.
   It lets you fly.
   It causes magical contamination when unequipped.
 K - the +2 pair of gloves of Yjewk (worn) {rPois rF+ rN+ Dex-4}
   (You bought it in a shop on level 9 of the Dungeon)

   It affects your dexterity (-4).
   It protects you from fire.
   It protects you from poison.
   It protects you from negative energy.
 M - a +2 cloak (worn)
 Q - the +1 chain mail "Gisef" {+Inv rN+ MR+}
   (You bought it in a shop on level 9 of the Dungeon)

   It protects you from negative energy.
   It affects your resistance to hostile enchantments.
   It lets you turn invisible.
Jewellery
 A - a +5 amulet of reflection (around neck)
 D - a +3 ring of slaying (right hand)
 R - an uncursed ring of resist corrosion
 T - a +4 ring of strength (left hand)
Wands
 t - a wand of lightning (5/15)
Scrolls
 b - 2 scrolls of blinking
 d - 2 scrolls of fear
 e - 3 scrolls of teleportation
 l - 3 scrolls of remove curse
 m - a scroll of magic mapping
 n - a scroll of identify
 w - a scroll of recharging
 x - 2 scrolls of enchant armour
 y - 2 scrolls of amnesia
 O - a scroll of immolation {unknown}
Potions
 a - a potion of might
 h - 2 potions of magic
 i - 2 potions of cancellation
 j - a potion of agility {unknown}
 o - 2 potions of resistance
 q - a potion of curing {unknown}
 s - 5 potions of heal wounds
 v - 3 potions of brilliance {unknown}
 z - 3 potions of lignification {unknown}
 F - a potion of haste
 H - a potion of mutation {unknown}
 I - a potion of degeneration {unknown}
Books
 J - a book of Clouds

   Spells                             Type                      Level
   a - Poisonous Vapours              Poison/Air                   2
   b - Mephitic Cloud                 Conjuration/Poison/Air       3
   c - Conjure Flame                  Conjuration/Fire             3
   d - Freezing Cloud                 Conjuration/Ice/Air          6
   e - Ring of Flames                 Charms/Fire                  7
 L - a book of Minor Magic

   Spells                             Type                      Level
   a - Magic Dart                     Conjuration                  1
   b - Blink                          Translocation                2
   c - Call Imp                       Summoning                    2
   d - Slow                           Hexes                        2
   e - Conjure Flame                  Conjuration/Fire             3
   f - Mephitic Cloud                 Conjuration/Poison/Air       3
Comestibles
 f - 8 bread rations
 g - 25 fruits
 k - 12 royal jellies
 r - 12 meat rations
 u - 2 chunks of flesh


   Skills:
 + Level 9.9 Fighting
 + Level 13.8 Maces & Flails
 + Level 8.6 Armour
 + Level 4.2 Dodging
 - Level 1.9 Stealth
 + Level 12.3 Shields
 + Level 0.2 Invocations


You had 12 spell levels left.
You didn't know any spells.

Dungeon Overview and Level Annotations

Branches:
Dungeon (13/15)            Temple (1/1) D:4            Lair (0/6) D:10
    Orc (1/2) D:10         Vaults (0/5) D:13

Altars:
Ashenzari
Cheibriados
Dithmenos
Elyvilon
Fedhas
Gozag
Hepliaklqana
Kikubaaqudgha
Makhleb
Nemelex Xobeh
Okawaru
Qazlal
Ru
Sif Muna
Trog
Uskayaw
Vehumet
Wu Jian
Xom
Yredelemnul
Zin
The Shining One

Shops:
D:9 [   D:13 *

Annotations:
D:12 Azrael


Innate Abilities, Weirdness & Mutations

You are resistant to torment.
Your stone body is resilient. (AC +9)
You are immune to poison.
You resist negative energy. (rN+)
You are resistant to electric shocks. (rElec)
You can survive without breathing.
You are immune to petrification.
You are immune to rotting.


Message History

Okawaru accepts your kill. Azrael gestures at you. The bolt of fire hits you!
You resist. Azrael gestures at you. The bolt of fire hits you! You resist.
Things that are here:
a hell hound corpse x2
Your chain mail "Hyblyed" prevents you from hitting Azrael.
You bludgeon Azrael!! You freeze Azrael.
Azrael is moderately wounded.
You block Azrael's attack.
You puncture Azrael! You freeze Azrael.
Azrael is heavily wounded.
Azrael hits you but does no damage.
You barely miss Azrael.
Azrael is heavily wounded.
Azrael gestures at you.
The sphere of damnation explodes!
The damnation engulfs you!
Ouch! That really hurt!
You die...

.###########)...........#######..
..............##.###.............
.#.###...#######.###..#.######...
.#.###.###### #..##..#.# #...
.#.#...##...# ##..#....#### #...
...#.####[..# #..........# #...
.....# #...# #..........# #...
..#.## #...#####÷÷........###...
....### #....(..@R>...........###
......# #...#####[.........##.###
.)[.#.# #....## #..........##...#
.[<.#.# #.....###(.........####.#
##.[#.#######..............# #.#
##).....########...........# ##..
...............##..........###...
.........#####..........#.###....
.......).####...........#..##....


You could see Azrael.

Vanquished Creatures
  Snorg (D:12)
  8 vault guards
  A hydra (D:8)
  A two-headed ogre (D:11)
  The ghost of Shinore the Carver, a novice MiBe of Trog (D:9)
  Urug (D:11)
  A cyclops (D:13)
  An ugly thing (D:10)
  Maurice (D:9)
  The ghost of presbutan the Quickloader, a novice DDHu of Makhleb (D:5)
  2 gargoyles (D:12)
  2 kobold demonologists (D:13)
  5 trolls
  A harpy skeleton (D:13)
  2 dream sheep (D:8)
  3 slime creatures (D:12)
  A hippogriff (D:7)
  2 yaks (D:8)
  A vampire (D:11)
  A wyvern (D:11)
  A basilisk (D:13)
  A fire elemental (D:12)
  Eustachio (D:5)
  2 hungry ghosts
  3 vampire mosquitoes (D:13)
  Menkaure (D:7)
  Edmund (D:5)
  An acid dragon (D:12)
  3 water moccasins
  Duvessa (D:5)
  4 hell hounds (D:12)
  6 orc warriors
  3 sky beasts
  An eye of draining (D:10)
  6 ogres
  8 ice beasts
  3 phantoms
  2 wolves (D:10)
  2 necrophages
  2 centaurs
  A crocodile (D:8)
  10 big kobolds
  7 bullfrogs
  A scorpion (D:13)
  Dowan (D:5)
  A water moccasin skeleton (D:11)
  13 killer bees
  6 wights
  3 howler monkeys
  2 electric eels (D:10)
  2 crimson imps (D:5)
  A quasit (D:12)
  8 jellies
  11 hounds
  A bullfrog skeleton (D:12)
  7 orc priests
  2 centaur skeletons
  12 orc wizards
  An iguana (D:4)
  Jessica (D:3)
  Ijyb (D:2)
  14 worker ants
  A killer bee zombie (D:7)
  2 hound zombies
  2 hound skeletons
  A howler monkey zombie (D:11)
  A worker ant zombie (D:7)
  8 gnolls
  10 adders
  2 oozes (D:3)
  3 worms
  5 dart slugs
  5 leopard geckos
  36 orcs
  2 ball pythons
  10 bats
  2 giant cockroaches
  5 goblins
  6 hobgoblins
  6 jackals
  4 quokkas
  3 frilled lizards
  A jackal zombie (D:5)
  21 kobolds
  A leopard gecko skeleton (D:4)
  9 rats
341 creatures vanquished.

Vanquished Creatures (others)
  A centaur (D:10)
  An orc (D:12)
  A kobold (D:10)
  A plant (D:8)
4 creatures vanquished.

Grand Total: 345 creatures vanquished

Notes
Turn   | Place    | Note
-------+----------+-------------------------------------------
     0 | D:1      | polly the Gargoyle Fighter began the quest for the Orb.
     0 | D:1      | Reached XP level 1. HP: 14/14 MP: 1/1
   178 | D:1      | Reached XP level 2. HP: 19/19 MP: 2/2
   510 | D:1      | Reached XP level 3. HP: 22/24 MP: 3/3
  1197 | D:2      | Noticed Ijyb
  1214 | D:2      | Killed Ijyb
  1214 | D:2      | Reached skill level 3 in Maces & Flails
  1214 | D:2      | Reached XP level 4. HP: 28/29 MP: 4/4
  1956 | D:3      | Reached XP level 5. HP: 32/33 MP: 5/5
  2088 | D:3      | Noticed Jessica
  2094 | D:3      | Killed Jessica
  2538 | D:4      | Noticed a phantom
  2602 | D:4      | Killed a phantom
  2602 | D:4      | Reached skill level 4 in Maces & Flails
  2602 | D:4      | Reached XP level 6. HP: 21/38 MP: 6/6
  2613 | D:4      | Found a staircase to the Ecumenical Temple.
  2639 | Temple   | Entered the Ecumenical Temple
  3427 | D:5      | Entered Level 5 of the Dungeon
  3504 | D:5      | Noticed an ice beast
  3518 | D:5      | Killed an ice beast
  3518 | D:5      | Reached skill level 5 in Maces & Flails
  3518 | D:5      | Reached skill level 1 in Dodging
  3518 | D:5      | Reached XP level 7. HP: 34/44 MP: 7/7
  3529 | D:5      | Found a hazy altar of Hepliaklqana.
  3530 | D:5      | Found an ornate altar of the Wu Jian Council.
  3536 | D:5      | Found an opulent altar of Gozag.
  3577 | D:5      | Noticed presbutan's ghost (novice DDHu)
  3604 | D:5      | HP: 2/44 [presbutan's ghost (1)]
  3621 | D:5      | Killed presbutan's ghost
  3621 | D:5      | Reached skill level 5 in Armour
  3621 | D:5      | Reached skill level 5 in Shields
  3858 | D:5      | Reached skill level 6 in Maces & Flails
  3858 | D:5      | Reached XP level 8. HP: 40/48 MP: 8/8
  3949 | D:5      | Noticed Eustachio
  4005 | D:5      | Noticed Edmund
  4008 | D:5      | Killed Eustachio
  4046 | D:5      | Killed Edmund
  4211 | D:5      | Noticed Dowan
  4212 | D:5      | Noticed Duvessa
  4222 | D:5      | Killed Dowan
  4244 | D:5      | Killed Duvessa
  4373 | D:5      | Found a blossoming altar of Fedhas.
  4721 | D:6      | Reached skill level 5 in Fighting
  4752 | D:6      | Reached skill level 7 in Maces & Flails
  4752 | D:6      | Reached XP level 9. HP: 18/54 MP: 9/9
  4959 | D:6      | Found a burning altar of Makhleb.
  4961 | D:6      | Found a glowing silver altar of Zin.
  4961 | D:6      | Noticed an angel
  4962 | D:6      | Noticed a balrug
  5389 | D:6      | Found a stormy altar of Qazlal.
  5440 | D:6      | Found an iron altar of Okawaru.
  5453 | D:6      | Became a worshipper of Warmaster Okawaru
  5505 | D:6      | Found a radiant altar of Vehumet.
  6195 | D:7      | Found a basalt altar of Yredelemnul.
  6211 | D:7      | Reached skill level 8 in Maces & Flails
  6228 | D:7      | Found a snail-covered altar of Cheibriados.
  6255 | D:7      | Noticed Menkaure
  6267 | D:7      | Killed Menkaure
  6849 | D:7      | Reached * piety under Okawaru
  7016 | D:8      | Reached skill level 9 in Maces & Flails
  7016 | D:8      | Reached XP level 10. HP: 41/60 MP: 10/10
  7209 | D:8      | Reached ** piety under Okawaru
  7294 | D:8      | Noticed a two-headed hydra
  7319 | D:8      | Killed a two-headed hydra
  7319 | D:8      | Reached skill level 10 in Maces & Flails
  7643 | D:8      | Reached skill level 1 in Stealth
  7713 | D:9      | Found Asocof's Antique Armour Shop.
  7716 | D:9      | Noticed Shinore's ghost (novice MiBe)
  7735 | D:9      | Killed Shinore's ghost
  7735 | D:9      | Reached *** piety under Okawaru
  7738 | D:9      | Bought a pair of brightly glowing gloves for 275 gold pieces
  7748 | D:9      | Identified the +2 pair of gloves of Yjewk {rPois rF+ rN+ Dex-4} (You bought it in a shop on level 9 of the Dungeon)
  7815 | D:9      | Noticed Maurice
  7832 | D:9      | Killed Maurice
  7832 | D:9      | Reached skill level 11 in Maces & Flails
  7832 | D:9      | Reached XP level 11. HP: 67/67 MP: 11/11
  8147 | D:10     | Entered Level 10 of the Dungeon
  8269 | D:10     | Reached **** piety under Okawaru
  8336 | D:10     | Found a staircase to the Orcish Mines.
  8513 | Orc:1    | Entered Level 1 of the Orcish Mines
  8695 | D:9      | Bought a distressingly furry chain mail for 275 gold pieces
  8706 | D:9      | Identified the +1 chain mail "Gisef" {+Inv rN+ MR+} (You bought it in a shop on level 9 of the Dungeon)
  8771 | D:10     | Found a staircase to the Lair.
  8844 | D:10     | Got a pair of pitted boots
  8850 | D:10     | Identified the +0 pair of boots of Zirocrif {*Contam +Fly rPois Str+5} (You found it on level 10 of the Dungeon)
  9369 | D:11     | Noticed a green ugly thing
  9386 | D:10     | Killed a green ugly thing
  9481 | D:11     | Noticed Urug
  9501 | D:11     | Killed Urug
  9501 | D:11     | Reached skill level 10 in Shields
  9543 | D:11     | Reached ***** piety under Okawaru
  9559 | D:11     | You fall through a shaft for 2 floors!
  9638 | D:13     | Noticed a cyclops
  9647 | D:13     | Killed a cyclops
  9840 | D:13     | Noticed Snorg
  9845 | D:13     | Reached skill level 12 in Maces & Flails
  9860 | D:13     | HP: 3/68 [Snorg (10)]
  9875 | D:13     | Noticed a sun demon
  9883 | D:12     | Noticed a two-headed ogre
 10601 | D:11     | Killed a two-headed ogre
 10601 | D:11     | Reached XP level 12. HP: 72/75 MP: 12/12
 10704 | D:12     | Reached ****** piety under Okawaru
 10916 | D:12     | Found a white marble altar of Elyvilon.
 11151 | D:13     | Received a gift from Okawaru
 11195 | D:12     | Killed Snorg
 11195 | D:12     | Reached skill level 13 in Maces & Flails
 11263 | D:13     | Found Qyll's Assorted Antiques.
 11310 | D:13     | Found a gate to the Vaults.
 11310 | D:13     | Noticed a vault guard
 11310 | D:13     | Noticed a vault guard
 11310 | D:13     | Noticed a vault guard
 11311 | D:13     | Noticed a vault guard
 11311 | D:13     | Noticed a vault guard
 11311 | D:13     | Noticed a vault guard
 11312 | D:13     | Noticed a vault guard
 11313 | D:13     | Noticed a vault guard
 11318 | D:13     | Killed a vault guard
 11323 | D:13     | Killed a vault guard
 11326 | D:13     | Noticed Azrael
 11327 | D:13     | Killed a vault guard
 11330 | D:13     | Killed a vault guard
 11338 | D:13     | Killed a vault guard
 11345 | D:13     | Killed a vault guard
 11376 | D:12     | Reached XP level 13. HP: 67/81 MP: 13/13
 11383 | D:12     | Killed a vault guard
 11390 | D:12     | Killed a vault guard
 11595 | D:12     | Received a gift from Okawaru
 11598 | D:12     | Got a polished chain mail {god gift}
 11610 | D:12     | Identified the +1 chain mail "Hyblyed" {MR- Str+4} (Okawaru gifted it to you on level 12 of the Dungeon)
 11630 | D:12     | Killed from afar by Azrael

Vault maps used:
D:1:      eino_arrival_water_cross, minmay_misc_feat_more_columns,
          kennysheep_nondescript, minmay_octomino_e4
D:2:      uniq_iyjb
D:3:      kennysheep_flooded_box, uniq_jessica
D:4:      minmay_temple_entry_steel_oval
D:5:      minitemple, fedhas_altar_fruit_tree, first_bread, grunt_ministairs_7,
          uniq_duvessa, uniq_edmund, uniq_eustachio
D:6:      okawaru_metal_pillars_1_2, grunt_temple_overflow_order_and_chaos_2,
          lemuel_coloured_pillars_altar, serial_bayou_pond_e,
          grunt_qazlal_clouds
D:7:      kennysheep_mini, cheibriados_altar_1, uniq_menkaure
D:8:      hangedman_ranch, corner_web_ring
D:9:      serial_shops, shop_fountains, uniq_maurice
D:10:     erik_lair_island, orc_0_dummy
D:11:     kennysheep_generic_room_9, uniq_urug
D:12:     basic_altar
D:13:     erik_vaults_2, serial_shops, shop, uniq_azrael, uniq_snorg
Temple:   nicolae_temple_hex_pool
Orc:1:    serial_shops, nicolae_shop_trees, chequers_guarded_unrand_ignorance,
          uniq_gastronok

Skill      XL: |  1  2  3  4  5  6  7  8  9 10 11 12 |
---------------+-------------------------------------+-----
Maces & Flails | 3 4 5 6 7 9 11 12 13 | 13.8
Shields        | 4 5 6 8 9 10 12 | 12.3
Armour         | 4 5 6 7 8 |  8.6
Fighting       | 4 5 6 7 8 9 |  9.9
Dodging        | 1 2 3 4 |  4.2
Stealth        | 1 |  1.9
Invocations    | |  0.2

Action                   |  1- 3 |  4- 6 |  7- 9 | 10-12 | 13-15 || total
-------------------------+-------+-------+-------+-------+-------++-------
Melee: Flail             |   142 |   197 |   495 |   485 |       ||  1319
       Eveningstar       |       |       |       |   292 |    28 ||   320
Invok: Heroism           |       |       |       |     1 |     1 ||     2
  Use: Potion            |       |       |     4 |     4 |       ||     8
       Scroll            |       |       |       |    20 |       ||    20
  Eat: Chunk             |     1 |     7 |    12 |    16 |     2 ||    38
       Fruit             |       |       |     1 |       |       ||     1
Armor: Scale mail        |    95 |   100 |   123 |       |       ||   318
       Chain mail        |       |       |   207 |   399 |     8 ||   614
Dodge: Dodged            |    54 |    45 |   165 |   208 |     5 ||   477
Block: Shield            |    84 |    97 |   309 |   588 |    27 ||  1105
       Reflection        |       |       |       |    27 |       ||    27
